 Dungeon Crawl Stone Soup version 0.22.1-2-g9c5b331383 (webtiles) character file.

774 Knicklaso the Magician (level 7, -10/52 HPs)
             Began as a Demonspawn Wizard on Nov 26, 2018.
             Was a Believer of Dithmenos.
             Mangled by an orc warrior
             ... wielding a +0 mace
              (17 damage)
             ... on level 6 of the Dungeon.
             The game lasted 00:16:16 (6813 turns).

Knicklaso the Magician (Demonspawn Wizard)          Turns: 6813, Time: 00:16:17

Health: -10/52     AC:  6    Str:  8    XL:     7   Next: 53%
Magic:  0/13       EV: 15    Int: 20    God:    Dithmenos [**....]
Gold:   373        SH:  0    Dex: 25    Spells: 9/14 levels left

rFire    + . .     SeeInvis .   u - +12 mace of Ru's Castigation {flame, +Fly rElec Dex+6 Stlth+}
rCold    + . .     Gourm    .   (no shield)
rNeg     . . .     Faith    .   a - +0 robe
rPois    .         Spirit   +   b - +0 hat
rElec    +         Reflect  .   (no cloak)
rCorr    +         Harm     .   i - +0 pair of gloves
MR       .....                  s - +0 pair of boots
Stlth    +++++.....             (no amulet)
HPRegen  0.17/turn              r - ring of Knowledge {rCorr rC+ Dex+7}
MPRegen  0.13/turn              (no ring)

@: very slightly contaminated, wreathed by umbra
A: talons 1, icy blue scales 1, fire resistance 1, magic shield
a: Shadow Step, Renounce Religion, Evoke Flight


You were on level 6 of the Dungeon.
You worshipped Dithmenos.
Dithmenos was pleased with you.
You were not hungry.

You visited 1 branch of the dungeon, and saw 7 of its levels.

You collected 373 gold pieces.

Inventory:

Hand Weapons
 u - the +12 mace of Ru's Castigation (weapon) {flame, +Fly rElec Dex+6 Stlth+}
   (You found it on level 4 of the Dungeon)

   It has been specially enchanted to burn those struck by it, causing extra
   injury to most foes and up to half again as much damage against particularly
   susceptible opponents.
   It affects your dexterity (+6).
   It insulates you from electricity.
   It lets you fly.
   It makes you more stealthy.
Armour
 a - a +0 robe (worn)
 b - a +0 hat (worn)
 i - a +0 pair of gloves (worn)
 s - a +0 pair of boots (worn)
Jewellery
 f - an uncursed ring of protection from magic {unknown}
 j - an uncursed amulet of faith {unknown}
 r - the ring of Knowledge (left hand) {rCorr rC+ Dex+7}
   (You found it on level 4 of the Dungeon)

   [ring of resist corrosion]

   It affects your dexterity (+7).
   It protects you from cold.
 x - an uncursed amulet of the acrobat {unknown}
Wands
 o - a wand of iceblast (12)
 t - a wand of digging (14)
 z - a wand of polymorph (12)
Scrolls
 c - 2 scrolls of amnesia {unknown}
 h - 6 scrolls of identify
 n - a scroll of immolation {unknown}
 p - 6 scrolls of remove curse {unknown}
 v - a scroll of magic mapping {unknown}
 y - a scroll of teleportation {unknown}
Potions
 e - a potion of curing {unknown}
 g - a potion of agility {unknown}
 k - 3 potions of heal wounds
 l - a potion of mutation {unknown}
 m - a potion of resistance {unknown}
 q - a potion of degeneration {unknown}
Comestibles
 d - 6 rations


   Skills:
 + Level 3.2 Fighting
 + Level 3.6 Dodging
 - Level 1.7 Stealth
 + Level 2.8 Unarmed Combat
 + Level 4.3 Spellcasting
 - Level 2.0 Conjurations
 - Level 2.0 Summonings
 - Level 2.0 Translocations
 * Level 2.7 Evocations


You had 9 spell levels left.
You knew the following spells:

 Your Spells              Type           Power        Failure   Level  Hunger
a - Magic Dart            Conj           ##..         5%          1    None
b - Blink                 Tloc           N/A          9%          2    #......
d - Call Imp              Summ           ##......     9%          2    #......

Your spell library contained the following spells:

 Spells                   Type           Power        Failure   Level  Hunger
 Slow                     Hex            #.......     19%         2    #......
 Conjure Flame            Conj/Fire      #.......     24%         3    ###....
 Mephitic Cloud           Conj/Pois/Air  #.......     28%         3    ###....


Dungeon Overview and Level Annotations

Branches:
Dungeon (7/15)
 Temple: D:4-7

Altars:
Cheibriados
Dithmenos
Hepliaklqana
Yredelemnul
The Shining One


Innate Abilities, Weirdness & Mutations

You have sharp toenails.
You are partially covered in icy blue scales. (AC +2)
Your flesh is heat resistant. (rF+)
When hurt, damage is shared between your health and your magic reserves.


Message History

Your iron imp dies!
The orc warrior misses you.
Casting: Call Imp (safe; 9% risk of failure)
Confirm with . or Enter, or press ? or * to list all spells.
You miscast Call Imp.
You are very lightly contaminated with residual magic.
Nothing appears to happen.
The orc warrior hits you with a mace! The orc warrior misses you.
You barely miss the orc warrior.
The orc warrior is heavily wounded.
The orc warrior hits you with a mace! The orc warrior hits you with a mace.
The orc warrior hits you but does no damage.
You hit the orc warrior. You burn the orc warrior.
The orc warrior is severely wounded.
The orc warrior hits you with a mace!
* * * LOW HITPOINT WARNING * * *
The orc warrior hits you with a short sword!
* * * LOW HITPOINT WARNING * * *
The orc warrior hits you with a mace!!
You die...

# #
#)#+#)
♣.....♣
......o##
...8.4o@#
.....4o##
♣.....♣
#)#+#) #
#


You could see 2 rust devils and 3 orc warriors.

Vanquished Creatures
  A howler monkey (D:4)
  A centaur skeleton (D:5)
  5 hounds
  A jelly (D:5)
  An orc wizard (D:5)
  Ijyb (D:4)
  2 worker ants (D:5)
  An iguana (D:4)
  9 adders
  A shadow imp (D:5)
  A worm (D:3)
  2 dart slugs (D:3)
  5 orcs
  2 ball pythons
  3 giant cockroaches
  11 goblins
  4 hobgoblins
  3 kobolds
  6 bats
  A frilled lizard (D:3)
  A quokka zombie (D:2)
  11 rats
73 creatures vanquished.

Vanquished Creatures (collateral kills)
  3 ogres
  A hound (D:5)
  An iguana (D:4)
  A worker ant (D:4)
  2 gnolls (D:3)
  A howler monkey skeleton (D:4)
  An adder (D:3)
  A shadow imp (D:3)
  2 worms (D:3)
  5 orcs
  2 giant cockroaches
  A quokka (D:3)
  A frilled lizard (D:4)
22 creatures vanquished.

Grand Total: 95 creatures vanquished

Notes
Turn   | Place    | Note
-------+----------+-------------------------------------------
     0 | D:1      | Knicklaso the Demonspawn Wizard began the quest for the
                  | Orb.
     0 | D:1      | Reached XP level 1. HP: 13/13 MP: 4/4
   504 | D:1      | Gained mutation: When hurt, damage is shared between your
                  | health and your magic reserves. [demonic ancestry]
   504 | D:1      | Reached XP level 2. HP: 20/20 MP: 3/6
  1384 | D:2      | Reached skill level 1 in Fighting
  1384 | D:2      | Gained mutation: You have sharp toenails. [demonic
                  | ancestry]
  1384 | D:2      | Reached XP level 3. HP: 26/26 MP: 1/7
  1439 | D:2      | Learned a level 2 spell: Call Imp
  2178 | D:3      | Reached skill level 1 in Unarmed Combat
  2178 | D:3      | Gained mutation: You are partially covered in icy blue
                  | scales. (AC +2) [demonic ancestry]
  2178 | D:3      | Reached XP level 4. HP: 21/32 MP: 0/9
  2298 | D:3      | Found a faded altar of an unknown god.
  2314 | D:3      | Became a worshipper of Dithmenos the Shadowed
  2314 | D:3      | Reached * piety under Dithmenos
  3596 | D:3      | Found a snail-covered altar of Cheibriados.
  3706 | D:3      | Learned a level 2 spell: Blink
  3819 | D:3      | Reached skill level 1 in Translocations
  3920 | D:3      | Found a hazy altar of Hepliaklqana.
  4091 | D:4      | Reached XP level 5. HP: 36/37 MP: 5/10
  4189 | D:4      | Got a bound turquoise ring
  4196 | D:4      | Reached ** piety under Dithmenos
  4313 | D:4      | Noticed Ijyb
  4367 | D:4      | Killed Ijyb
  5291 | D:4      | Got an encrusted mace
  5292 | D:4      | Identified the ring of Knowledge {rCorr rC+ Dex+7} (You
                  | found it on level 4 of the Dungeon)
  5294 | D:4      | Identified the +12 mace of Ru's Castigation {flame, +Fly
                  | rElec Dex+6 Stlth+} (You found it on level 4 of the
                  | Dungeon)
  5452 | D:4      | Noticed an ogre
  5476 | D:4      | Gained mutation: Your flesh is heat resistant. (rF+)
                  | [demonic ancestry]
  5476 | D:4      | Reached XP level 6. HP: 41/44 MP: 9/11
  6074 | D:5      | Entered Level 5 of the Dungeon
  6140 | D:5      | Reached skill level 4 in Spellcasting
  6143 | D:5      | Reached skill level 1 in Evocations
  6422 | D:5      | Reached XP level 7. HP: 51/51 MP: 13/13
  6577 | D:5      | Found a basalt altar of Yredelemnul.
  6582 | D:5      | Found a glowing golden altar of the Shining One.
  6584 | D:5      | Noticed an angel
  6794 | D:5      | You fall through a shaft for 2 floors!
  6807 | D:6      | Noticed a rust devil
  6807 | D:6      | Noticed a rust devil
  6813 | D:6      | Mangled by an orc warrior

Skill      XL: |  1  2  3  4  5  6  7 |
---------------+----------------------+-----
Dodging        | 2 3 |  3.6
Fighting       | 1 2 3 |  3.2
Conjurations   | 2 |  2.0
Unarmed Combat | 1 2 |  2.8
Summonings     | 2 |  2.0
Translocations | 1 2 |  2.0
Spellcasting   | 4 |  4.3
Evocations     | 1 2 |  2.7
Stealth        | |  1.7

Action                   |  1- 3 |  4- 6 |  7- 9 || total
-------------------------+-------+-------+-------++-------
Melee: Dagger            |     2 |       |       ||     2
       Unarmed           |     7 |   182 |       ||   189
       Kick              |     2 |    15 |       ||    17
       Mace              |       |    28 |    23 ||    51
       Punch             |       |     2 |       ||     2
 Cast: Magic Dart        |    94 |    42 |     1 ||   137
       Call Imp          |       |    35 |    10 ||    45
  Use: Scroll            |       |     4 |       ||     4
 Stab: Distracted        |       |     1 |       ||     1
       Sleeping          |       |     2 |     1 ||     3
  Eat: Chunk             |     3 |     8 |     2 ||    13
       Ration            |       |     2 |       ||     2
Armor: Robe              |     7 |    40 |     9 ||    56
Dodge: Dodged            |    12 |   139 |    23 ||   174
